 Dungeon Crawl Stone Soup version 0.29-a0-1008-g949cc1d0fb (webtiles) character file.

Game seed: 12697491044668134520

3493 concernfroge the Fighter (level 9, -5/78 HPs)
             Began as a Mummy Monk on Aug 7, 2022.
             Was an Elder of Cheibriados.
             Slain by a gnoll sergeant
             ... wielding a +2 trident of venom
              (6 damage)
             ... on level 9 of the Dungeon.
             The game lasted 00:25:42 (6354 turns).

concernfroge the Fighter (Mummy Monk)               Turns: 6354, Time: 00:25:44

Health: -5/78      AC: 10    Str: 28    XL:     9   Next: 80%
Magic:  13/13      EV:  9    Int: 18    God:    Cheibriados [****..]
Gold:   251        SH:  0    Dex: 31    Spells: 8/8 levels left

rFire   x . .      SeeInvis .   k - +11 rapier "Wume Depn" {vorpal, rPois Will+++ Str-4 Dex+6}
rCold   + . .      Faith    +   (no shield)
rNeg    + + +      Spirit   .   f - +0 plate armour
rPois   ∞          Reflect  .   (no helmet)
rElec   .          Harm     .   d - +0 cloak "Geafe" {-Cast Will+ Str+6}
rCorr   +          Rampage  .   n - +1 pair of gloves
Will    +++++      NoCast   +   j - +0 pair of boots
Stlth   ..........              e - amulet of faith
HPRegen 0.23/turn               l - ring of resist corrosion
MPRegen 0.13/turn               (no ring)

@: corroded, studying Axes, very slow
A: cold resistance 1, negative energy resistance 3, torment resistance 2, heat
vulnerability 1, in touch with death 1, no potions
a: Renounce Religion, Bend Time, Temporal Distortion, Slouch


You were on level 9 of the Dungeon.
You worshipped Cheibriados.
Cheibriados was greatly pleased with you.
You visited 2 branches of the dungeon, and saw 10 of its levels.
You also visited: Sewer.

You collected 335 gold pieces.
You spent 84 gold pieces at shops.

Inventory:

Hand Weapons
 k - the +11 rapier "Wume Depn" (weapon) {vorpal, rPois Will+++ Str-4 Dex+6}
   (You found it on level 3 of the Dungeon)

   It inflicts extra damage upon your enemies.
   Str:       It affects your strength (-4).
   Dex:       It affects your dexterity (+6).
   rPois:     It protects you from poison.
   Will:      It greatly increases your willpower.
Armour
 d - the +0 cloak "Geafe" (worn) {-Cast Will+ Str+6}
   (You acquired it on level 7 of the Dungeon)

   Str:       It affects your strength (+6).
   -Cast:     It prevents spellcasting.
   Will:      It increases your willpower.
 f - a +0 plate armour (worn)
 g - a +0 troll leather armour {Pargi}
 j - a +0 pair of boots (worn)
 n - a +1 pair of gloves (worn)
Jewellery
 e - an amulet of faith (around neck)
 l - a ring of resist corrosion (left hand)
Wands
 a - a wand of polymorph (3)
 o - a wand of digging (3)
 p - a wand of flame (15)
 q - a wand of roots (8)
 r - a wand of mindburst (19)
Scrolls
 i - 2 scrolls of enchant weapon
 m - 3 scrolls of vulnerability


   Skills:
 - Level 10.0 Fighting
 + Level 6.5 Short Blades
 - Level 2.4 Polearms
 - Level 2.4 Dodging
 - Level 1.5 Stealth
 + Level 6.0 Invocations


You had 8 spell levels left.
You didn't know any spells.
Your spell library contained the following spells:

 Spells                   Type           Power      Damage    Failure   Level
 Foxfire                  Conj/Fire      0%         2x1d4     97%         1
 Call Imp                 Summ           0%         N/A       99%         2
 Conjure Flame            Conj/Fire      0%         6-21      100%        3
 Inner Flame              Hex/Fire       0%         N/A       100%        3
 Flame Wave               Conj/Fire      0%         2d4       100%        4
 Summon Mana Viper        Hex/Summ       0%         N/A       100%        5
 Iron Shot                Conj/Erth      0%         9d1       100%        6


Dungeon Overview and Level Annotations

Branches:
Dungeon (9/15)             Temple (1/1) D:7           Sewer (visited)
   Lair: D:8-11         Orc: D:9-12

Altars:
Ashenzari
Cheibriados
Fedhas
Hepliaklqana
Makhleb
Nemelex Xobeh
Okawaru
Qazlal
Ru
Sif Muna
Trog
Uskayaw
Yredelemnul

Shops:
D:1 (   D:4 (   D:7 ?

Annotations:
D:6 Menkaure
D:8 Psyche


Innate Abilities, Weirdness & Mutations

You are immune to poison.
Your flesh is cold resistant. (rC+)
You are immune to negative energy. (rN+++)
You are immune to unholy pain and torment.
You are vulnerable to heat. (rF-)
You are in touch with the powers of death.
You do not drink.


Message History

The acid dragon spits acid at you. The splash of acid hits you! You resist.
* * * LOW HITPOINT WARNING * * *
The acid corrodes you!
You hear a shout!
Aiming: Fastroot
Press: ? - help, Shift-Dir - straight line, f - acid dragon, p - gnoll sergeant
Aim: an acid dragon The roots erupt in riotous growth!
Roots grab the acid dragon.
The grasping roots constrict the acid dragon!
The grasping roots constrict the gnoll sergeant.
The grasping roots constrict the gnoll!
The roots release their grip on the gnoll sergeant.
The roots release their grip on the gnoll.
The gnoll sergeant hits you from afar with a +2 trident of venom.
* * * LOW HITPOINT WARNING * * *
The gnoll barely misses you. The acid dragon spits acid at you.
The splash of acid hits you! You resist.
* * * LOW HITPOINT WARNING * * *
Okay, then.
The grasping roots constrict the acid dragon!
The roots release their grip on the acid dragon.
The gnoll sergeant closely misses you. The acid dragon spits acid at you.
The splash of acid hits you! You resist.
* * * LOW HITPOINT WARNING * * *
Aiming: Mindburst
Press: ? - help, Shift-Dir - straight line, f/p - acid dragon
Aim: an acid dragon (heavily wounded, catching its breath, chance to affect: 64%)
Okay, then.
Aiming: Fastroot
Press: ? - help, Shift-Dir - straight line, f/p - acid dragon
Aim: an acid dragon (heavily wounded, catching its breath)
The roots erupt in riotous growth!
Roots grab the acid dragon.
The grasping roots constrict the acid dragon.
The gnoll sergeant hits you from afar with a +2 trident of venom.
You die...

# #.. #####
##...#####..)####
.......@##.#........
.........gg..#.#####
........######.#
##...##D# g #... #.#
oo #.. ..# o. ..#
..# g.. .. #..# #..


You could see an acid dragon (catching breath, rooted), a gnoll sergeant and a
gnoll.

Vanquished Creatures
  Pikel (D:7)
  Joseph (D:7)
  2 yaks (D:8)
  A steam dragon (D:7)
  Pargi (Sewer)
  A black bear (D:7)
  3 sky beasts
  3 centaurs (D:7)
  A bullfrog (D:7)
  A necrophage (D:5)
  A scorpion (D:4)
  A wight (D:9)
  17 killer bees (D:8)
  4 howler monkeys
  A jelly (D:5)
  An orc priest (D:6)
  2 hounds
  3 iguanas
  5 orc wizards
  6 adders
  3 gnolls
  An ufetubus (D:7)
  6 worms
  A dart slug (D:5)
  16 orcs
  4 bats
  An endoplasm (D:1)
  7 giant cockroaches
  6 goblins
  8 hobgoblins
  6 kobolds
  2 quokkas (D:1)
  4 ball pythons
  8 frilled lizards
  6 rats
135 creatures vanquished.

Vanquished Creatures (others)
  2 demonic plants (D:5)
2 creatures vanquished.

Grand Total: 137 creatures vanquished

Notes
Turn   | Place    | Note
-------+----------+-------------------------------------------
     0 | D:1      | concernfroge the Mummy Monk began the quest for the Orb.
     0 | D:1      | Reached XP level 1. HP: 18/18 MP: 1/1
   210 | D:1      | Reached XP level 2. HP: 23/24 MP: 2/2
   350 | D:1      | Reached skill level 4 in Fighting
   961 | D:1      | Gained mutation: You are in touch with the powers of death.
                  | [Mummy growth]
   961 | D:1      | Reached XP level 3. HP: 17/30 MP: 3/3
  1190 | D:1      | Found a faded altar of an unknown god.
  1340 | D:1      | Found Xej Xagg's Weapon Shoppe.
  1502 | D:2      | Got the Anthology of Accompaniment and the Lithosphere
  1798 | D:2      | You fall into a shaft and drop 1 floor!
  2487 | D:3      | Reached skill level 5 in Fighting
  2487 | D:3      | Reached XP level 4. HP: 37/39 MP: 4/4
  2608 | D:3      | Identified the +11 rapier "Wume Depn" {vorpal, rPois
                  | Will+++ Str-4 Dex+6}
  2980 | D:3      | Found a burning altar of Makhleb.
  3152 | D:4      | Noticed a scorpion
  3159 | D:4      | Killed a scorpion
  3160 | D:4      | Reached XP level 5. HP: 46/46 MP: 5/5
  3166 | D:4      | Found Pamizeana's Weapon Emporium.
  3281 | D:4      | Reached skill level 6 in Fighting
  3456 | D:4      | Reached XP level 6. HP: 53/53 MP: 6/6
  3515 | D:5      | Entered Level 5 of the Dungeon
  3574 | D:5      | Reached skill level 7 in Fighting
  3861 | D:6      | Noticed a sky beast
  3868 | D:6      | Killed a sky beast
  3869 | D:6      | Reached skill level 8 in Fighting
  4011 | D:6      | Reached XP level 7. HP: 62/62 MP: 7/7
  4029 | D:6      | Found a glowing drain.
  4066 | Sewer    | Entered a sewer
  4125 | Sewer    | Noticed Pargi
  4152 | Sewer    | Killed Pargi
  4251 | Sewer    | Identified a scroll of acquirement
  4300 | D:6      | Noticed Menkaure
  4323 | D:7      | Reached skill level 9 in Fighting
  4447 | D:7      | Acquired the +0 cloak "Geafe" {-Cast Will+ Str+6}
  4470 | D:7      | Noticed Joseph
  4482 | D:7      | Killed Joseph
  4483 | D:7      | Reached skill level 10 in Fighting
  4483 | D:7      | Reached XP level 8. HP: 59/72 MP: 8/8
  4614 | D:7      | Found a staircase to the Ecumenical Temple.
  4622 | Temple   | Entered the Ecumenical Temple
  4789 | Temple   | Became a worshipper of Cheibriados the Contemplative
  4789 | Temple   | Reached * piety under Cheibriados
  4789 | Temple   | Reached ** piety under Cheibriados
  4836 | D:7      | Reached skill level 1 in Short Blades
  5131 | D:7      | Noticed Pikel
  5148 | D:7      | Killed Pikel
  5327 | D:7      | Found a sacrificial altar of Ru.
  5338 | D:7      | Reached XP level 9. HP: 71/78 MP: 11/11
  5607 | D:7      | Found Sogyxal's Magic Scroll Shop.
  5618 | D:7      | Bought a scroll of poison for 56 gold pieces
  5618 | D:7      | Bought a scroll of identify for 28 gold pieces
  5677 | D:7      | Reached skill level 5 in Short Blades
  5956 | D:8      | Noticed Psyche
  5959 | D:7      | Reached *** piety under Cheibriados
  6082 | D:8      | Reached skill level 5 in Invocations
  6089 | D:8      | Reached **** piety under Cheibriados
  6353 | D:9      | HP: 1/78 [acid dragon/splash of acid (7)]
  6354 | D:9      | Slain by a gnoll sergeant

Illustrated notes

Levels and vault maps discovered:
D:1:      minmay_arrival_up_and_down, layout_basic,
          shapermc_ecumenical_altar_mp_vishouse, serial_shops, shop
D:2:      layout_basic
D:3:      layout_loops_ring, mainiacjoe_overflow_alcove_2, feat_on_display
D:4:      layout_loops_ring, serial_shops, shop
D:5:      layout_cave_pods, mainiacjoe_overflow_concentric_impassable,
          mainiacjoe_overflow_small_starburst, mainiacjoe_overflow_tiny_flanked,
          serial_demonic, serial_demonic_g, serial_demonic_b, serial_demonic_g,
          serial_demonic_d, serial_demonic_e, serial_demonic_d,
          serial_demonic_g, minivault_5, st_stairs_13
D:6:      layout_cave_pools, gup_sewer_entry_glass, uniq_menkaure
D:7:      layout_cave_pods, mainiacjoe_overflow_catwalk,
          minmay_temple_entry_wispy, serial_shops, shop,
          minmay_manual_monstrance, uniq_pikel, uniq_joseph
D:8:      layout_rooms, kennysheep_little_box, dreamdust_gnoll_shepherd,
          uniq_psyche
D:9:      minmay_the_grid_four_pointed_star_mashed
          [minmay_the_grid_triangle_9x9_fully_insulated_deathbox,
          minmay_the_grid_triangle_9x9_odd_lines,
          minmay_the_grid_triangle_9x9_swiss_cheese,
          minmay_the_grid_triangle_9x9_wacky_v,
          minmay_the_grid_prize_four_corners_diamond_b], layout_loops_ring,
          nicolae_overflow_hidden_temple
Temple:   nicolae_temple_bog_church

Skill      XL: |  1  2  3  4  5  6  7  8  9 |
---------------+----------------------------+-----
Fighting       | 4 5 6 8 10 | 10.0
Short Blades   | 4 6 |  6.5
Invocations    | 3 6 |  6.0
Polearms       | |  2.4
Dodging        | |  2.4
Stealth        | |  1.5

Action                   |  1- 3 |  4- 6 |  7- 9 || total
-------------------------+-------+-------+-------++-------
Melee: Spear             |   100 |       |       ||   100
       Punch             |     1 |     1 |     3 ||     5
       War axe           |    66 |     5 |       ||    71
       Rapier            |       |    60 |   133 ||   193
Invok: Bend Time         |       |       |     1 ||     1
Evoke: Wand              |       |       |     8 ||     8
  Use: Scroll            |     4 |     4 |    13 ||    21
Armor: Chain mail        |    94 |       |       ||    94
       Plate armour      |    33 |    43 |   175 ||   251
Dodge: Dodged            |    56 |     5 |    91 ||   152

Table legend: (Time is in decaauts)
 A = Elapsed time spent in this place.
 B = Non-inter-level travel time spent in this place.
 C = Inter-level travel time spent in this place.
 D = Time resting spent in this place.
 E = Time spent auto-exploring this place.
 F = Levels seen in this place.
 G = Mean time per level.
                   A        B        C        D        E       F      G
               +--------+--------+--------+--------+--------+-----+--------+
         Total |   6892 |   6398 |    494 |     84 |   5124 |  11 |  626.5 |
       Dungeon |   6427 |   5949 |    478 |     84 |   4786 |   9 |  714.1 |
        Temple |    190 |    175 |     15 |      0 |    157 |   1 |  190.0 |
         Sewer |    274 |    274 |      0 |      0 |    180 |   1 |  274.0 |
               +--------+--------+--------+--------+--------+-----+--------+

Top non-repeatable levels by time:
     D:7: 1888 daAuts
     D:1: 1392 daAuts
     D:2: 885 daAuts
     D:3: 788 daAuts
     D:4: 613 daAuts
     D:8: 282 daAuts
   Sewer: 274 daAuts
     D:6: 232 daAuts
     D:5: 212 daAuts
  Temple: 190 daAuts
     D:9: 132 daAuts
